 Dungeon Crawl Stone Soup version 0.25-a0-1119-g28b6fd0c3b (webtiles) character file.

Game seed: 16251904859260589331, levelgen mode: deterministic

319 tilp the Bolt Thrower (level 6, 0/57 HPs)
             Began as a Kobold Arcane Marksman on May 18, 2020.
             Killed by nerve-wracking pain
             ... invoked by an orc priest
              (11 damage)
             ... on level 4 of the Dungeon.
             The game lasted 00:07:41 (4322 turns).

tilp the Bolt Thrower (Kobold Arcane Marksman)      Turns: 4322, Time: 00:07:41

Health: 0/57       AC:  9    Str:  9    XL:     6   Next: 75%
Magic:  0/7        EV:  6    Int: 15    God:
Gold:   120        SH:  0    Dex: 21    Spells: 6/7 levels left

rFire    . . .     SeeInvis .   b - +0 rapier
rCold    . . .     Gourm    .   (shield restricted)
rNeg     . . .     Faith    .   g - +0 chain mail
rPois    +         Spirit   +   (no helmet)
rElec    .         Reflect  .   w - scarf {harm}
rCorr    .         Harm     .   j - +0 pair of gloves
MR       .....                  (no boots)
Stlth    ..........             s - amulet of guardian spirit
HPRegen  0.19/turn              n - +6 ring of dexterity
MPRegen  0.10/turn              p - ring of poison resistance

@: berserking, very quick
A: small, carnivore
a: no special abilities


You were on level 4 of the Dungeon.
You were completely stuffed.

You visited 1 branch of the dungeon, and saw 4 of its levels.

You collected 120 gold pieces.

Inventory:

Hand Weapons
 a - a +0 hand crossbow
 b - a +0 rapier (weapon)
 o - a +0 short sword
Missiles
 d - 25 bolts
 e - 26 poisoned darts (quivered)
Armour
 g - a +0 chain mail (worn)
 j - a +0 pair of gloves (worn)
 w - a scarf of harm (worn)
Jewellery
 n - a +6 ring of dexterity (left hand)
 p - a ring of poison resistance (right hand)
 s - an amulet of guardian spirit (around neck)
Scrolls
 f - a scroll of teleportation
 i - a scroll of magic mapping {unknown}
 r - a scroll of remove curse
 v - a scroll of fear {unknown}
Potions
 k - a potion of mutation {unknown}
 l - a potion of haste {unknown}
 m - 2 potions of resistance
 q - 2 potions of stabbing
 t - a potion of berserk rage
 u - a potion of cancellation {unknown}
Comestibles
 c - 3 rations
 h - 2 chunks of flesh


   Skills:
 + Level 4.3 Fighting
 - Level 6.0 Crossbows
 + Level 2.9 Dodging
 + Level 1.6 Stealth
 - Level 1.1 Spellcasting
 - Level 3.0 Hexes


You had 6 spell levels left.
You knew the following spells:

 Your Spells              Type           Power        Failure   Level  Hunger
a - Corona                Hex            #......      100%        1    ##.....

Your spell library contained the following spells:

 Spells                   Type           Power        Failure   Level  Hunger
 Slow                     Hex            #.......     100%        2    ###....
 Inner Flame              Hex/Fire       #.......     100%        3    ####...
 Portal Projectile        Hex/Tloc       #.....       100%        3    ####...
 Cause Fear               Hex            #.........   100%        4    #####..
 Leda's Liquefaction      Hex/Erth       #.........   100%        4    #####..


Dungeon Overview and Level Annotations

Branches:
Dungeon (4/15)
 Temple: D:4-7

Altars:
Ashenzari
Xom

Shops:
D:4 [

Annotations:
D:2 1 runed translucent door, yiuf has MR cloak, Crazy Yiuf, Sigmund


Innate Abilities, Weirdness & Mutations

You are small and have problems with some larger weapons.
You are carnivorous and can eat meat at any time.


Message History

Pain shoots through your body!
* * * LOW HITPOINT WARNING * * *
The orc priest barely misses you.
You hit the orc priest but do no damage.
The orc priest is severely wounded.
The orc priest hits you but does no damage.
You hit the orc priest but do no damage.
The orc priest is severely wounded.
The orc priest hits you with a +3 flail!
* * * LOW HITPOINT WARNING * * *
Unknown command.
It was a potion of berserk rage.
A red film seems to cover your vision as you go berserk!
You feel yourself moving faster!
You feel mighty!
Unknown command.
You closely miss the orc priest.
The orc priest is severely wounded.
The orc priest invokes the aid of Beogh against you.
Pain shoots through your body!
You die...

.###.##...8.## #..######
#.(((........###### #..#
#...((.(........... #..#
#..[((............ #..#
#.##..(.......... #..#
#.........#### #..######
#.........############........
..............)o....((....#####.
.##(######.####@########### # #.
#.. #.# #. ###.###.#########
#...............#
#...........###.###
...........(###....
#...........###.##
.............#..#
####..#......#..###


You could see an orc priest.

Vanquished Creatures
  A scorpion (D:4)
  A howler monkey (D:4)
  An orc wizard (D:4)
  A centaur skeleton (D:4)
  A worker ant (D:3)
  4 gnolls (D:4)
  3 adders
  An ooze (D:3)
  4 worms
  A dart slug (D:1)
  4 leopard geckos
  5 orcs
  A giant cockroach (D:4)
  5 goblins
  6 hobgoblins
  4 jackals (D:3)
  3 ball pythons
  7 bats
  3 frilled lizards
  A jackal skeleton (D:2)
  3 kobolds
  8 rats
68 creatures vanquished.

Notes
Turn   | Place    | Note
-------+----------+-------------------------------------------
     0 | D:1      | tilp the Kobold Arcane Marksman began the quest for the
                  | Orb.
     0 | D:1      | Reached XP level 1. HP: 12/12 MP: 2/2
   200 | D:1      | Reached XP level 2. HP: 17/17 MP: 3/3
   901 | D:2      | Noticed Sigmund
  1051 | D:2      | Reached XP level 3. HP: 23/23 MP: 4/4
  1213 | D:2      | Found a shimmering altar of Xom.
  1702 | D:2      | Found a runed translucent door.
  1703 | D:2      | Noticed Crazy Yiuf
  1960 | D:3      | Reached XP level 4. HP: 29/29 MP: 5/5
  2677 | D:3      | Reached skill level 3 in Crossbows
  3224 | D:3      | Reached XP level 5. HP: 22/33 MP: 6/6
  3642 | D:3      | Reached skill level 4 in Crossbows
  3946 | D:4      | Reached skill level 5 in Crossbows
  3946 | D:4      | Reached XP level 6. HP: 38/38 MP: 7/7
  4050 | D:4      | Found a shattered altar of Ashenzari.
  4073 | D:4      | Noticed an ogre
  4252 | D:4      | Reached skill level 6 in Crossbows
  4260 | D:4      | Found Doskian's Armour Boutique.
  4310 | D:4      | Reached skill level 1 in Stealth
  4322 | D:4      | Killed from afar by an orc priest

Illustrated notes

Levels and vault maps discovered:
D:1:      minmay_arrival_three_doors, layout_basic
D:2:      layout_basic, xom_teletrap_fun, uniq_crazy_yiuf_cottage, uniq_sigmund
D:3:      minmay_spotlight, layout_basic
D:4:      layout_basic, cheibrodos_ashenzari_chains,
          nicolae_overflow_hidden_temple, serial_shops, shop_statue,
          first_ration

Skill      XL: |  1  2  3  4  5  6 |
---------------+-------------------+-----
Fighting       | 2 3 4 |  4.3
Crossbows      | 3 5 6 |  6.0
Stealth        | 1 |  1.6
Dodging        | |  2.9
Spellcasting   | |  1.1
Hexes          | |  3.0

Action                   |  1- 3 |  4- 6 || total
-------------------------+-------+-------++-------
Melee: Short sword       |    35 |       ||    35
       Rapier            |    22 |    89 ||   111
 Fire: Hand crossbow     |    40 |    83 ||   123
 Cast: Corona            |     5 |       ||     5
  Use: Scroll            |       |     5 ||     5
       Potion            |       |     1 ||     1
  Eat: Chunk             |    12 |     7 ||    19
Armor: Robe              |     1 |       ||     1
       Chain mail        |    47 |   119 ||   166
Dodge: Dodged            |    20 |    48 ||    68

Table legend:
 A = Non-vault XP
 B = Vault XP
 C = Vault XP percentage of total XP
 D = Non-vault monster count
 E = Vault monster count
 F = Vault count percentage of total count
                 A         B        C        D         E       F
            +---------+---------+-------+---------+---------+-------
      Total |     435 |      22 |   4.8 |      63 |       5 |   7.4
            +---------+---------+-------+---------+---------+-------
        D:1 |      20 |       0 |   0.0 |      10 |       0 |   0.0
        D:2 |      31 |       0 |   0.0 |      10 |       0 |   0.0
        D:3 |     118 |      22 |  15.7 |      33 |       5 |  13.2
        D:4 |     266 |       0 |   0.0 |      10 |       0 |   0.0
            +---------+---------+-------+---------+---------+-------
